 Dungeon Crawl Stone Soup version 0.28-a0-932-g843f935a50 (webtiles) character file.

Game seed: 5317838830109380979

49 croobank the Digger (level 3, -2/14 HPs)
             Began as a Felid Earth Elementalist on Nov 27, 2021.
             Slain by a scorpion (7 damage)
             ... on level 4 of the Dungeon.
             The game lasted 00:17:53 (3494 turns).

croobank the Digger (Felid Earth Elementalist)      Turns: 3494, Time: 00:17:53

Health: -2/14      AC:  1    Str:  5    XL:     3   Next: 51%
Magic:  4/8        EV: 17    Int: 16    God:
Gold:   74         SH:  0    Dex: 16    Spells: 2/8 levels left
                                        Lives:  0   Deaths: 1

rFire   . . .      SeeInvis +     - Unarmed
rCold   . . .      Faith    .   (shield unavailable)
rNeg    . . .      Spirit   .   (armour unavailable)
rPois   .          Reflect  .   (helmet unavailable)
rElec   .          Harm     .   (cloak unavailable)
rCorr   .          Rampage  .   (gloves unavailable)
Will    .....                   (boots unavailable)
Stlth   ++........              (no amulet)
HPRegen 0.04/turn               (no ring)
MPRegen 0.11/turn               (no ring)

@: brilliant, quick
A: very small, claws 1, fangs 3, see invisible, speed 1, shaggy fur 1, stealthy
paws, no weapons or thrown items, no armour, multi-lived
a: no special abilities


You were on level 4 of the Dungeon.
You visited 1 branch of the dungeon, and saw 4 of its levels.

You collected 74 gold pieces.

Inventory:

Missiles
 b - 57 stones
Potions
 a - a potion of lignification


   Skills:
 - Level 3.0 Dodging
 - Level 3.4 Stealth
 - Level 1.2 Unarmed Combat
 + Level 3.0 Spellcasting
 * Level 0.8 Conjurations
 - Level 1.1 Transmutations
 - Level 3.4 Earth Magic


You had 2 spell levels left.
You knew the following spells:

 Your Spells              Type           Power      Damage    Failure   Level
a - Sandblast             Erth           40%        2d10      4%          1
b - Passwall              Tmut/Erth      11%        N/A       11%         2
c - Stone Arrow           Conj/Erth      26%        3d8       24%         3

Your spell library contained the following spells:

 Spells                   Type           Power      Damage    Failure   Level
 Apportation              Tloc           6%         N/A       19%         1
 Petrify                  Tmut/Erth      14%        N/A       58%         4
 Alistair's Intoxication  Tmut/Pois      4%         N/A       99%         5


Dungeon Overview and Level Annotations

Branches:
Dungeon (4/15)
 Temple: D:4-7

Altars:
Sif Muna

Annotations:
D:2 Sigmund


Innate Abilities, Weirdness & Mutations

You have sharp claws.
You have razor-sharp teeth.
You have supernaturally acute eyesight. (SInv)
You cover ground quickly. (Speed+)
You are covered in fur. (AC +1)
Your paws help you pounce on unaware monsters.
You are incapable of wielding weapons or throwing items.
You cannot wear armour.
You gain extra lives every three experience levels.


Message History

The scorpion stings you!
Ouch! That really hurt!
* * * LOW HITPOINT WARNING * * *
You are lethally poisoned!
The scorpion poisons you!
You feel better. The scorpion misses you.
You feel clever all of a sudden. The scorpion misses you.
Found 5 gold pieces.
An endoplasm comes into view.
You see here 5 gold pieces.
You hear the slow hiss of a distant avalanche of sand.
The endoplasm quivers.
Found an escape hatch in the floor.
Found a stone staircase leading down.
A hobgoblin comes into view.
There is a stone staircase leading down here.
The hobgoblin shouts!
Aiming: Sandblast (safe; 4% risk of failure)
Press: ? - help, Q - select action, (/) - cycle Shift-Dir - straight line, f/p - scorpion
Aim: a scorpion (moderately wounded, 81% to hit)
You feel a surge of power!
The blast of sand hits the scorpion.
The scorpion is heavily wounded.
You scratch the hobgoblin but do no damage.
The hobgoblin hits you.
You closely miss the hobgoblin. The scorpion closely misses you.
The hobgoblin completely misses you. The scorpion closely misses you.
You scratch the hobgoblin.
The hobgoblin is heavily wounded.
The hobgoblin closely misses you.
The scorpion stings you but does no damage.
Aiming: Sandblast (safe; 4% risk of failure)
Press: ? - help, Q - select action, (/) - cycle Shift-Dir - straight line, f/p - scorpion
Aim: a scorpion (heavily wounded, 81% to hit)
You feel a surge of power!
The blast of sand hits the scorpion but does no damage.
The scorpion is heavily wounded.
The hobgoblin closely misses you. The scorpion stings you!
Ouch! That really hurt!
You die...

..###....#.# #.# ..#
#......###########.####
###
###.##...........$....#
+ #.##############.##.#
# #.# ### #.##.# ..#
... ..# #.##.# ..## ..#
#.# #.##.# ........#
#g# #.##s# .....####
#@#####.##.# .#####
#s##....##.# .#
#J##.......# .##
#.##J####### §.###
#>##s# §§... #.##.#
≈§≈≈. #.##.# §§...
#....# ...8. ####.#


You could see a scorpion, an endoplasm and a hobgoblin.

Vanquished Creatures
  5 adders
  A worm (D:3)
  3 dart slugs
  An endoplasm (D:2)
  3 giant cockroaches
  3 hobgoblins (D:2)
  4 jackals (D:2)
  A quokka (D:2)
  6 ball pythons
  7 bats
  2 frilled lizards
  6 goblins
  5 kobolds
  4 rats
  A spectral kobold (D:1)
52 creatures vanquished.

Notes
Turn   | Place    | Note
-------+----------+-------------------------------------------
     0 | D:1      | croobank the Felid Earth Elementalist began the quest for
                  | the Orb.
     0 | D:1      | Reached XP level 1. HP: 7/7 MP: 4/4
   167 | D:1      | Reached XP level 2. HP: 4/11 MP: 0/6
   517 | D:1      | Found a faded altar of an unknown god.
  1093 | D:2      | Reached XP level 3. HP: 12/14 MP: 2/7
  1183 | D:2      | Noticed Sigmund
  2316 | D:3      | Reached skill level 1 in Unarmed Combat
  2316 | D:3      | Reached XP level 4. HP: 15/18 MP: 9/9
  2405 | D:3      | Noticed an ice beast
  2581 | D:3      | Learned a level 2 spell: Passwall
  2689 | D:3      | Learned a level 3 spell: Stone Arrow
  3241 | D:3      | Slain by an adder
  3242 | D:3      | Reached XP level 3. HP: 0/14 MP: 8/8
  3399 | D:4      | Found a shimmering blue altar of Sif Muna.
  3405 | D:4      | Noticed a scorpion
  3494 | D:4      | Slain by a scorpion

Illustrated notes

Levels and vault maps discovered:
D:1:      zelgadis_glass_arrival_small, layout_rooms,
          dreamdust_ecumenical_altar_drowned_temple
D:2:      layout_loops_ring, uniq_sigmund
D:3:      layout_basic
D:4:      layout_loops_ring, dk_xom_monty_hall, mainiacjoe_overflow_catwalk,
          nicolae_ossuary_entry_plus, chequers_mini_garden

Skill      XL: |  1  2  3  4 |
---------------+-------------+-----
Stealth        | 3 |  3.4
Earth Magic    | 3 |  3.4
Dodging        | 3 |  3.0
Unarmed Combat | 1 |  1.2
Spellcasting   | 3 |  3.0
Conjurations   | |  0.8
Transmutations | |  1.1

Action                   |  1- 3 |  4- 6 || total
-------------------------+-------+-------++-------
Melee: Unarmed           |   106 |    54 ||   160
       Bite              |     6 |     3 ||     9
       Punch             |       |     1 ||     1
 Cast: Sandblast         |    44 |     8 ||    52
  Use: Scroll            |     4 |       ||     4
       Potion            |     7 |       ||     7
 Stab: Sleeping          |     3 |     2 ||     5
Armor: Skin              |    14 |     3 ||    17
Dodge: Dodged            |   103 |    39 ||   142

Table legend: (Time is in decaauts)
 A = Elapsed time spent in this place.
 B = Non-inter-level travel time spent in this place.
 C = Inter-level travel time spent in this place.
 D = Time resting spent in this place.
 E = Time spent auto-exploring this place.
 F = Levels seen in this place.
 G = Mean time per level.
                   A        B        C        D        E       F      G
               +--------+--------+--------+--------+--------+-----+--------+
         Total |   3205 |   3122 |     83 |   1594 |    717 |   4 |  801.2 |
       Dungeon |   3205 |   3122 |     83 |   1594 |    717 |   4 |  801.2 |
               +--------+--------+--------+--------+--------+-----+--------+

Top non-repeatable levels by time:
     D:2: 1157 daAuts
     D:3: 983 daAuts
     D:1: 940 daAuts
     D:4: 124 daAuts
